[Event "*** SCC Grand Prix: Titled Tuesday Blitz"]
[Site "Chess.com"]
[Date "2020.07.14"]
[Round "6"]
[White "mitrabhaa"]
[Black "Supernotar"]
[Result "1/2-1/2"]
[WhiteElo "2605"]
[BlackElo "2828"]
[TimeControl "180+1"]
[EndTime "11:05:05 PDT"]
[Termination "Game drawn by repetition"]

1. Nf3 c5 2. c4 Nc6 3. d4 cxd4 4. Nxd4 g6 5. g3 d6 6. Bg2 Bd7 7. O-O Bg7 8. Nc2 Nf6 9. Nc3 O-O 10. b3 a6 11. Bb2 Qa5 12. Qd2 b5 13. cxb5 axb5 14.
a3 Rac8 15. Rfd1 Ne5 16. Nd5 Qd8 17. Ncb4 Nxd5 18. Nxd5 Be6 19. h3 Re8 20. f4 Nd7 21. Bxg7 Kxg7 22. e4 Bxd5 23. Qxd5 Qb6+ 24. Kh2 Nf6 25.
Qd3 Rc5 26. b4 Rc4 27. Rac1 Rec8 28. Rxc4 Rxc4 29. Qe2 Rc3 30. Rd3 Rc1 31. Rd1 Rc3 32.
Rd3 Rc1 33. Rd1 Rc3 1/2-1/2

[Event "*** SCC Grand Prix: Titled Tuesday Blitz"]
[Site "Chess.com"]
[Date "2020.07.14"]
[Round "6"]
[White "Izoria123"]
[Black "Volodar_Murzin"]
[Result "0-1"]
[WhiteElo "2881"]
[BlackElo "2714"]
[TimeControl "180+1"]
[EndTime "11:05:06 PDT"]
[Termination "Volodar_Murzin won by checkmate"]

1. Nf3 Nf6 2. c4 g6 3. Nc3 Bg7 4. e4 O-O 5. d4 d6 6. Be2 e5 7.
O-O exd4 8. Nxd4 Nbd7 9. Be3 Re8 10. f3 Nc5 11. Qd2 Bd7 12. Rad1 h5 13. Rfe1 h4 14. Bg5 Nfxe4 15. fxe4 Bxd4+ 16. Qxd4 Qxg5 17. Nd5 Re5 18. Nxc7 Rc8 19. Nd5 Bc6 20. Bf3 Ne6 21. Qxa7 Bxd5 22. exd5 Nf4 23. Rxe5 Qxe5 24. Qd4 Qg5 25. Re1 Nxg2 26.
Bxg2 h3 27. Re2 hxg2 28. b3 b5 29. Qe3 Qf5 30. Qe4 Qf1# 0-1

[Event "*** SCC Grand Prix: Titled Tuesday Blitz"]
[Site "Chess.com"]
[Date "2020.07.14"]
[Round "6"]
[White "FlamingPhoenix123"]
[Black "Harry_Rakkel"]
[Result "1-0"]
[WhiteElo "2445"]
[BlackElo "2561"]
[TimeControl "180+1"]
[EndTime "11:05:12 PDT"]
[Termination "FlamingPhoenix123 won by resignation"]

1. e4 c5 2. Nf3 d6 3. d4 cxd4 4. Nxd4 Nf6 5. Nc3 a6 6. Be3 e5 7. Nf3 Qc7 8. a4 Be7 9. a5 Be6 10. Be2 h6 11. O-O Nbd7 12. Nd5 Nxd5 13. exd5 Bf5 14.
c4 O-O 15. b4 Bh7 16. Rc1 Rac8 17. Qb3 f5 18. c5 f4 19. cxd6 Qxd6 20. Bc5 Nxc5 21.
bxc5 Rxc5 22. Rxc5 Qxc5 23. d6+ Kh8 24. dxe7 Qxe7 25.
Bc4 e4 26. Nd4 e3 27. fxe3 fxe3 28. Rxf8+ Qxf8 29. Qxe3 Qd8 30. Bf7 Bg8 31. Bxg8 Kxg8 32. Qe5 Kh8 33. Qxg7+ Kxg7 34. Ne6+ 1-0

[Event "*** SCC Grand Prix: Titled Tuesday Blitz"]
[Site "Chess.com"]
[Date "2020.07.14"]
[Round "6"]
[White "yuliagok"]
[Black "Nara_Kh"]
[Result "0-1"]
[WhiteElo "2100"]
[BlackElo "2264"]
[TimeControl "180+1"]
[EndTime "11:05:14 PDT"]
[Termination "Nara_Kh won by resignation"]

1. d4 d5 2. c4 c6 3. cxd5 cxd5 4. Nc3 Nf6 5. Nf3 Nc6 6. Bf4 Bf5 7. e3 e6 8. Qb3 Bb4 9. a3 Qa5 10. Rc1 Bxc3+ 11. Qxc3 Qxc3+ 12. bxc3 O-O 13. Ne5 Nxe5 14. Bxe5 Nd7 15. Bd6 Rfc8 16. Bb5 Nb8 17. f3 Nc6 18. Kd2 Na5 19. Ba4 Nc4+ 20. Ke2 Nxd6 21. g4 Bg6 22. h4 h5 23. gxh5 Bxh5 24. Rb1 Rxc3 25. Rb3 Ne4 26. Rg1 Bxf3+ 27. Kxf3 Nd2+ 0-1

[Event "*** SCC Grand Prix: Titled Tuesday Blitz"]
[Site "Chess.com"]
[Date "2020.07.14"]
[Round "6"]
[White "Flawless_Fighter"]
[Black "lucachess49"]
[Result "0-1"]
[WhiteElo "2558"]
[BlackElo "2442"]
[TimeControl "180+1"]
[EndTime "11:05:15 PDT"]
[Termination "lucachess49 won by resignation"]

1. e4 e5 2. Nf3 Nc6 3. Bb5 a6 4. Ba4 Nf6 5. O-O Be7 6. Re1 b5 7. Bb3 d6 8. c3 O-O 9. h3 Na5 10.
Bc2 c5 11. d4 Qc7 12. d5 Bd7 13. b3 Nb7 14. Nbd2 Rfc8 15. Bd3 c4 16. bxc4 Nc5 17. Bf1 bxc4 18. Ba3 Ba4 19. Qc1 Nd3 20. Bxd3 cxd3 21.
c4 Nd7 22. Qc3 Bc2 23. Rec1 Nb6 24. Ne1 Na4 25. Qb4 Rab8 26. Nxc2 Rxb4 27. Nxb4 Bg5 28. Nb3 Bxc1 29. Rxc1 Nc5 30. Nd2 Qa5 31. Rc3 Rb8 0-1

[Event "*** SCC Grand Prix: Titled Tuesday Blitz"]
[Site "Chess.com"]
[Date "2020.07.14"]
[Round "6"]
[White "heyiampotato"]
[Black "AniJak"]
[Result "1-0"]
[WhiteElo "2525"]
[BlackElo "2321"]
[TimeControl "180+1"]
[EndTime "11:05:15 PDT"]
[Termination "heyiampotato won by resignation"]

1. d4 d5 2. Nf3 Nf6 3. c4 c6 4. Nbd2 e6 5. e3 Bd6 6. b3 O-O 7. Bb2 Nbd7 8. Bd3 Re8 9. Ne5 Nf8 10. O-O Bxe5 11. dxe5 N6d7 12. Rc1 b6 13. f4 Bb7 14. Qg4 g6 15. Bb1 a5 16. Nf3 dxc4 17. bxc4 c5 18. Ng5 Qe7 19. Rcd1 Red8 20. Rd6 Nb8 21. Rfd1 Nc6 22.
Ne4 Kg7 23. Nf6 h6 24. h4 Nh7 25. Rd7 Rxd7 26. Rxd7 Qf8 27. Rxb7 Nxf6 28. exf6+ Kh8 29. Bxg6 Nd8 30. Re7 1-0

[Event "*** SCC Grand Prix: Titled Tuesday Blitz"]
[Site "Chess.com"]
[Date "2020.07.14"]
[Round "6"]
[White "AwareIdea"]
[Black "pavelalexandru07"]
[Result "1-0"]
[WhiteElo "2463"]
[BlackElo "2143"]
[TimeControl "180+1"]
[EndTime "11:05:18 PDT"]
[Termination "AwareIdea won by resignation"]

1. c4 c5 2. Nf3 Nf6 3. Nc3 a6 4. e3 Nc6 5. d4 cxd4 6. Nxd4 d5 7. cxd5 Nxd5 8. Nxc6 bxc6 9. Bc4 e6 10. O-O Be7 11. Qc2 O-O 12. Rd1 Qa5 13. Bd2 Qb6 14. Na4 Qa7 15. Bd3 h6 16. Rac1 Bb7 17. Nc5 Rac8 18. e4 Nf6 19. Be3 Qa8 20. f3 Rfd8 21. Be2 Nd7 22.
Nxd7 1-0

[Event "*** SCC Grand Prix: Titled Tuesday Blitz"]
[Site "Chess.com"]
[Date "2020.07.14"]
[Round "6"]
[White "gena217"]
[Black "RobertoJBM"]
[Result "1-0"]
[WhiteElo "2915"]
[BlackElo "2626"]
[TimeControl "180+1"]
[EndTime "11:05:19 PDT"]
[Termination "gena217 won by resignation"]

1. e4 c6 2. Nf3 d5 3. Nc3 dxe4 4. Nxe4 Bg4 5. h3 Bxf3 6. Qxf3 Nd7 7. d4 Ndf6 8. c3 Nxe4 9. Qxe4 Nf6 10. Qc2 Qd5 11. Be3 e6 12. Qb3 Qxb3 13. axb3 Nd5 14. Bd2 Bd6 15. b4 Bf4 16. b5 Bxd2+ 17. Kxd2 Kd7 18. bxc6+ Kxc6 19. g3 Kc7 20. Bg2 Nf6 21. Ra5 a6 22.
Rha1 Rhc8 23. b4 Kb6 24. Kd3 Rd8 25. b5 Rd7 26. bxa6 Rxa6 27. Rxa6+ bxa6 28. Rb1+ Ka7 29.
c4 e5 30. d5 Rc7 31. d6 Rc5 32. Rb7+ Ka8 33. Rxf7+ Kb8 34. Rxg7 Kc8 35. Ra7 a5 36. g4 h6 37. Be4 Kd8 38. Bf5 Ke8 39. Re7+ Kf8 40.
Rc7 e4+ 1-0

[Event "*** SCC Grand Prix: Titled Tuesday Blitz"]
[Site "Chess.com"]
[Date "2020.07.14"]
[Round "6"]
[White "volcanoexplorer"]
[Black "SHIVACalypso"]
[Result "1-0"]
[WhiteElo "2582"]
[BlackElo "2439"]
[TimeControl "180+1"]
[EndTime "11:05:19 PDT"]
[Termination "volcanoexplorer won by resignation"]

1. e4 e6 2. d4 d5 3. Nc3 Nf6 4. Bg5 dxe4 5. Nxe4 Be7 6. Bxf6 gxf6 7. Nf3 f5 8. Nc3 a6 9. g3 b5 10. Bg2 Bb7 11. O-O O-O 12. Ne2 Nd7 13. Nf4 Nb6 14. Qd2 Bf6 15. c3 Nc4 16. Qc1 Kh8 17. Rd1 Be4 18. b3 Nd6 19. c4 bxc4 20. bxc4 Rb8 21. Nh5 Rg8 22. Ne5 Qe8 23. Nxf6 1-0

[Event "*** SCC Grand Prix: Titled Tuesday Blitz"]
[Site "Chess.com"]
[Date "2020.07.14"]
[Round "6"]
[White "barbara25"]
[Black "crazychessbr"]
[Result "1-0"]
[WhiteElo "2213"]
[BlackElo "2064"]
[TimeControl "180+1"]
[EndTime "11:05:19 PDT"]
[Termination "barbara25 won on time"]

1. e4 e6 2. d4 d5 3. Nc3 Nf6 4. Bg5 dxe4 5. Nxe4 Be7 6. Bxf6 gxf6 7. Nf3 f5 8. Nc3 a6 9. Qd2 b5 10. O-O-O b4 11.
Ne2 Bb7 12. Kb1 Bd5 13. Nf4 c6 14. Nxd5 cxd5 15. Bd3 Qb6 16. Rhe1 Nd7 17. g3 O-O-O 18. Ne5 Nxe5 19. dxe5 Kb7 20. f4 h5 21. Rc1 Rc8 22. Qe2 Bc5 23. Rf1 Bd4 24. Rfd1 Bc5 25. c3 b3 26. axb3 Qxb3 27. Bxa6+ Kb6 28. Bxc8 Rxc8 29. Qc2 Qb5 30. c4 Qb4 31. cxd5 exd5 32. Rxd5 Bd4 33.
Rxd4 1-0

[Event "*** SCC Grand Prix: Titled Tuesday Blitz"]
[Site "Chess.com"]
[Date "2020.07.14"]
[Round "6"]
[White "WildTricks"]
[Black "vladislavkovalev"]
[Result "0-1"]
[WhiteElo "2511"]
[BlackElo "2898"]
[TimeControl "180+1"]
[EndTime "11:05:20 PDT"]
[Termination "vladislavkovalev won on time"]

1. Nf3 Nf6 2. g3 e6 3. Bg2 d5 4. O-O Be7 5. c4 O-O 6. d4 dxc4 7. Ne5 c5 8. dxc5 Qc7 9. Nxc4 Rd8 10. Qc2 Nc6 11. Nc3 Nd4 12. Qb1 Qxc5 13. b3 Qh5 14. e3 Nf3+ 15. Bxf3 Qxf3 16. Bb2 b6 17. Ne5 Qh5 18.
f4 Bb7 19. Qe1 Ng4 20. Qe2 f5 21. Nxg4 fxg4 22. e4 Bc5+ 23. Kh1 Qg6 24. Rfe1 Rd4 25. Rad1 Rad8 26. Rxd4 Rxd4 27. Qg2 b5 28. Re2 b4 29.
Na4 Rd1+ 0-1

[Event "*** SCC Grand Prix: Titled Tuesday Blitz"]
[Site "Chess.com"]
[Date "2020.07.14"]
[Round "6"]
[White "NikolaGry"]
[Black "Chessdemon2019"]
[Result "1-0"]
[WhiteElo "2653"]
[BlackElo "2369"]
[TimeControl "180+1"]
[EndTime "11:05:24 PDT"]
[Termination "NikolaGry won by resignation"]

1. b3 d5 2. Bb2 Bg4 3. Nf3 Bxf3 4. gxf3 e6 5. e3 Nf6 6. c4 c6 7. Nc3 Be7 8. Rg1 Rg8 9. Qc2 Nbd7 10. O-O-O Qc7 11.
f4 O-O-O 12. Kb1 d4 13. Ne2 dxe3 14. fxe3 Nc5 15. d4 Nce4 16. Bg2 Nf2 17. Rde1 Bb4 18. Nc3 N2g4 19. a3 Bxc3 20. Bxc3 Kb8 21. Bf3 Nh6 22.
d5 exd5 23. Be5 Rd6 24. c5 Ne8 25. cxd6 Nxd6 26. Qxh7 f6 27. Bb2 Ndf5 28. Bg4 Ne7 29. Be6 Re8 30. Rxg7 Nhg8 31. Bxg8 Rxg8 32. Rxg8+ Nxg8 33. Qxg8+ 1-0

[Event "*** SCC Grand Prix: Titled Tuesday Blitz"]
[Site "Chess.com"]
[Date "2020.07.14"]
[Round "6"]
[White "MuradNuri"]
[Black "vpsetter"]
[Result "0-1"]
[WhiteElo "2451"]
[BlackElo "2612"]
[TimeControl "180+1"]
[EndTime "11:05:26 PDT"]
[Termination "vpsetter won by resignation"]

1. e4 c5 2. Nf3 Nc6 3. Bb5 g6 4. Bxc6 dxc6 5. d3 Bg7 6. h3 Nf6 7. Nc3 Nd7 8. Be3 e5 9. Qd2 Qe7 10. O-O Nf8 11. Ne2 Ne6 12. a3 Nd4 13. Nfxd4 cxd4 14. Bh6 O-O 15. Bxg7 Kxg7 16. f4 f5 17. exf5 Bxf5 18. Rae1 Rae8 19. Qa5 c5 20. Ng3 b6 21.
Qa4 Qc7 22. Rxe5 Bd7 23. Rfe1 Bxa4 0-1

[Event "*** SCC Grand Prix: Titled Tuesday Blitz"]
[Site "Chess.com"]
[Date "2020.07.14"]
[Round "6"]
[White "TimKett"]
[Black "Stormeman100100"]
[Result "0-1"]
[WhiteElo "2158"]
[BlackElo "2446"]
[TimeControl "180+1"]
[EndTime "11:05:28 PDT"]
[Termination "Stormeman100100 won by resignation"]

1. e4 c5 2. Nf3 Nc6 3. d4 cxd4 4. Nxd4 Nf6 5. Nc3 e5 6. Ndb5 d6 7. Bg5 a6 8. Na3 b5 9. Bxf6 gxf6 10. Nd5 Bg7 11. Bd3 Ne7 12. c4 Nxd5 13. cxd5 f5 14. exf5 e4 15. Bxe4 Bxb2 16. Nc2 Qe7 17. O-O Bxa1 18.
Qxa1 O-O 19. f6 Qxe4 20. Ne3 Kh8 21. Rc1 Rg8 22. Rc7 Bh3 23. g3 Qg6 24. Qd4 Rac8 25. Rc6 Qb1+ 26. Nd1 Rxc6 27. dxc6 Bg4 0-1

[Event "*** SCC Grand Prix: Titled Tuesday Blitz"]
[Site "Chess.com"]
[Date "2020.07.14"]
[Round "6"]
[White "aripov96"]
[Black "Yoshikrov"]
[Result "1-0"]
[WhiteElo "2420"]
[BlackElo "2117"]
[TimeControl "180+1"]
[EndTime "11:05:28 PDT"]
[Termination "aripov96 won by resignation"]

1. e4 c5 2. Nf3 d6 3. Nc3 Nf6 4.
Bb5+ Bd7 5. Bxd7+ Qxd7 6. O-O Nc6 7. b3 e5 8. Bb2 Be7 9. Re1 O-O 10. Nd5 Nd4 11.
Nxe7+ Qxe7 12. Nxd4 cxd4 13. c3 dxc3 14. dxc3 Rac8 15. c4 Rfd8 16. Ba3 Qe6 17. Qd3 Nd7 18. Qxd6 Qxd6 19. Bxd6 f6 20. Rad1 Nf8 21. Bxf8 Kxf8 22. Kf1 Ke7 23. Ke2 a6 24. Rxd8 Rxd8 25. Rd1 Rc8 26. Rd5 Rc7 27. Kd3 Ke6 28. c5 f5 29.
b4 g6 30. Rd6+ Ke7 31. Kc4 fxe4 32. Kd5 Kf7 33. Kxe4 Re7 34. a4 Kg7 35. b5 axb5 36.
axb5 Kf7 37. Kd5 e4 38. c6 bxc6+ 39. bxc6 Ke8 40. Re6 1-0

[Event "*** SCC Grand Prix: Titled Tuesday Blitz"]
[Site "Chess.com"]
[Date "2020.07.14"]
[Round "6"]
[White "carlesdc96"]
[Black "Oleksandr_Bortnyk"]
[Result "0-1"]
[WhiteElo "2716"]
[BlackElo "2932"]
[TimeControl "180+1"]
[EndTime "11:05:31 PDT"]
[Termination "Oleksandr_Bortnyk won by resignation"]

1. Nf3 Nf6 2. d4 b6 3. Bg5 Bb7 4. Nbd2 d5 5. e3 e6 6. Bd3 Be7 7. c3 Nbd7 8. Ne5 Nxe5 9. dxe5 Nd7 10. Bf4 c5 11. O-O Qc7 12. Nf3 h6 13. Bg3 g5 14. h3 h5 15. Qa4 a6 16. Rac1 b5 17. Qd1 O-O-O 18. a4 g4 19. hxg4 hxg4 20. Nh2 c4 21.
Be2 Nxe5 22. axb5 axb5 23. Nxg4 Bd6 24. f4 Nxg4 25. Bxg4 Rdg8 26. Bf2 f5 27. Bf3 Qh7 28. Be1 Bc5 29. Kf2 Qh2 30. Ke2 Rxg2+ 31. Bxg2 Qxg2+ 32. Bf2 Rh3 33. Qd2 d4 34. cxd4 Bf3+ 35. Ke1 Rh1 0-1

[Event "*** SCC Grand Prix: Titled Tuesday Blitz"]
[Site "Chess.com"]
[Date "2020.07.14"]
[Round "6"]
[White "AGW2016"]
[Black "Tsyhanchuk_Stanislav"]
[Result "1-0"]
[WhiteElo "2269"]
[BlackElo "2418"]
[TimeControl "180+1"]
[EndTime "11:05:32 PDT"]
[Termination "AGW2016 won by resignation"]

1. d4 d5 2. c4 c6 3. Nf3 Nf6 4. Qb3 e6 5. g3 Nbd7 6. Bg2 b6 7. O-O Bb7 8. Nc3 Bd6 9. Bg5 O-O 10. e4 dxe4 11. Nxe4 Be7 12. Nxf6+ Bxf6 13. Bxf6 Nxf6 14. c5 Nd5 15. Ne5 f6 16. Nc4 Ba6 17. Rfe1 Bxc4 18. Qxc4 b5 19. Qe2 Re8 20. Rad1 Qa5 21. a3 b4 22. Rd3 e5 23. dxe5 Rxe5 24. Qd2 Rae8 25. Rxe5 Rxe5 26. Bxd5+ cxd5 27. Rxd5 Rxd5 28. Qxd5+ Kf8 29.
axb4 Qxb4 30. b3 Qe1+ 31. Kg2 Qe7 32. c6 Qc7 33. b4 Ke7 34. b5 Qd6 35. Qxd6+ Kxd6 36.
Kf3 a6 37. bxa6 Kxc6 38. Ke4 Kb6 39. Kd5 Kxa6 40. Ke6 Kb5 41. Kf7 Kc4 42. Kxg7 Kd3 1-0

[Event "*** SCC Grand Prix: Titled Tuesday Blitz"]
[Site "Chess.com"]
[Date "2020.07.14"]
[Round "6"]
[White "Zablotsky"]
[Black "Orest_Vovk"]
[Result "1-0"]
[WhiteElo "2585"]
[BlackElo "2441"]
[TimeControl "180+1"]
[EndTime "11:05:33 PDT"]
[Termination "Zablotsky won by resignation"]

1. d4 h6 2. f3 g5 3. e4 Bg7 4. h4 c5 5. d5 g4 6. fxg4 d6 7. Nh3 Nf6 8. Nf2 Nbd7 9. Be2 Ne5 10. b3 Nfxg4 11. O-O Nxf2 12. Rxf2 Ng4 13. Bxg4 Bxa1 14.
Bh5 Bd4 15. Qe2 Bxf2+ 16. Qxf2 Kd7 17. Bg4+ Kc7 18. Be2 Qg8 19. e5 Qg7 20. Bf4 b6 21. exd6+ exd6 22. Na3 Bd7 23. Nc4 Qd4 24. Qxd4 cxd4 25.
Nxd6 Kd8 26. Nxf7+ Ke7 27. Nxh8 Rxh8 28. d6+ Kf6 29.
g4 Bxg4 30. Bxg4 Rg8 31. Bxh6 Rxg4+ 32. Kf2 Rxh4 33. d7 Rh2+ 34. Kg3 Rxh6 35. d8=Q+ Kf5 36. Qd5+ Kg6 37. Qe4+ Kg7 38. Qb7+ Kg6 39. Qxa7 Kf5 40. Qf7+ Rf6 41. Qd5+ Kg6 42. Kg4 Kg7 43. Qxd4 Kg6 44. a4 Rd6 45. Qxd6+ 1-0

[Event "*** SCC Grand Prix: Titled Tuesday Blitz"]
[Site "Chess.com"]
[Date "2020.07.14"]
[Round "6"]
[White "maestroza"]
[Black "Semen_Khanin"]
[Result "0-1"]
[WhiteElo "2499"]
[BlackElo "2755"]
[TimeControl "180+1"]
[EndTime "11:05:35 PDT"]
[Termination "Semen_Khanin won on time"]

1. d4 Nf6 2. Nf3 g6 3. c4 Bg7 4. Nc3 O-O 5. Bg5 c5 6. e3 cxd4 7. Nxd4 Nc6 8. Be2 Qa5 9. Bh4 Ne4 10. Nb5 a6 11. O-O axb5 12. Nxe4 bxc4 13. Bxc4 Qb4 14. Rc1 b5 15. Bd5 e6 16. a3 Qxb2 17. Bxc6 dxc6 18. Qd6 Ra4 19. f3 Rxa3 20. Rxc6 Bb7 21. Rc7 Be5 22.
Nf6+ Kg7 0-1

[Event "*** SCC Grand Prix: Titled Tuesday Blitz"]
[Site "Chess.com"]
[Date "2020.07.14"]
[Round "6"]
[White "GMNickPert"]
[Black "Jumbo"]
[Result "1-0"]
[WhiteElo "2698"]
[BlackElo "2850"]
[TimeControl "180+1"]
[EndTime "11:05:37 PDT"]
[Termination "GMNickPert won by checkmate"]

1. d4 Nf6 2. Nf3 b6 3. c4 Bb7 4. Nc3 e6 5. a3 d5 6. cxd5 Nxd5 7.
Qc2 Be7 8. e4 Nxc3 9. bxc3 O-O 10. Bd3 c5 11. O-O Nc6 12. Bb2 Rc8 13. Qe2 Na5 14.
Rad1 Qc7 15. d5 c4 16. Bb1 exd5 17. exd5 Bd6 18. Bc1 Rfe8 19. Bxh7+ Kxh7 20. Ng5+ Kg6 21. Qc2+ f5 22. g4 Re5 23. h4 Nb3 24. Bf4 Qe7 25. Rde1 Rf8 26. h5+ Kf6 27. Bxe5+ Bxe5 28. Qxf5# 1-0

[Event "*** SCC Grand Prix: Titled Tuesday Blitz"]
[Site "Chess.com"]
[Date "2020.07.14"]
[Round "6"]
[White "gagtemp"]
[Black "czasnaszachy"]
[Result "1-0"]
[WhiteElo "1939"]
[BlackElo "2188"]
[TimeControl "180+1"]
[EndTime "11:05:40 PDT"]
[Termination "gagtemp won by resignation"]

1. e4 c5 2. Nf3 e6 3. d4 cxd4 4.
Nxd4 Nc6 5. Nc3 Qc7 6. Be3 a6 7.
Bd3 Nf6 8. O-O Be7 9. Kh1 O-O 10. f4 d6 11. Qe1 b5 12. a3 Bb7 13. Qg3 Na5 14. e5 Nd7 15. f5 exf5 16. Nxf5 g6 17. Nxe7+ Kh8 18. exd6 Qd8 19. Bd4+ f6 20. Nxg6+ hxg6 21.
Qxg6 Rf7 22. Qxf7 1-0

[Event "*** SCC Grand Prix: Titled Tuesday Blitz"]
[Site "Chess.com"]
[Date "2020.07.14"]
[Round "6"]
[White "Colchonero64"]
[Black "GregShahade"]
[Result "1-0"]
[WhiteElo "2939"]
[BlackElo "2722"]
[TimeControl "180+1"]
[EndTime "11:05:42 PDT"]
[Termination "Colchonero64 won by resignation"]

1. d4 Nf6 2. Bg5 c5 3. Bxf6 gxf6 4. d5 Qb6 5. Qc1 f5 6. c4 Bg7 7. Nc3 d6 8. e3 Nd7 9. Qc2 Qa5 10. Nf3 Ne5 11.
Nxe5 dxe5 12. Be2 h5 13. O-O Bd7 14. Rab1 O-O-O 15. a3 Rdg8 16. b4 cxb4 17. axb4 Qb6 18. Rfc1 Qg6 19. Bf1 f4 20. Qa2 fxe3 21. Qxa7 exf2+ 22. Qxf2 e4 23. c5 Bh3 24. Nb5 e3 25. Qa2 Be5 26. c6 Bxh2+ 27. Kxh2 Qg3+ 28. Kg1 Bxg2 29. Qa8+ 1-0

[Event "*** SCC Grand Prix: Titled Tuesday Blitz"]
[Site "Chess.com"]
[Date "2020.07.14"]
[Round "6"]
[White "tdf98pantani"]
[Black "Shuvalov"]
[Result "1-0"]
[WhiteElo "2678"]
[BlackElo "2487"]
[TimeControl "180+1"]
[EndTime "11:05:43 PDT"]
[Termination "tdf98pantani won by resignation"]

1. d4 Nf6 2. c4 g6 3. Nc3 d5 4. cxd5 Nxd5 5. e4 Nxc3 6. bxc3 c5 7. Be3 Bg7 8. Rc1 O-O 9. Qd2 Qc7 10. d5 c4 11. Bd4 e5 12. dxe6 Bxe6 13. Bxg7 Kxg7 14.
Nf3 Nc6 15. Be2 Rfd8 16. Qe3 Ne5 17. Nd4 Bd7 18. O-O b5 19. f4 Nc6 20. Nxb5 Qa5 21. Bxc4 Be6 22. Bxe6 fxe6 23. Nd4 Nxd4 24. cxd4 Rac8 25.
f5 exf5 26. exf5 Rxc1 27. f6+ Kh8 28. Rxc1 Qb6 29. Qe5 Kg8 30. Rc5 Qd6 31. Rc8 Kf7 32. Rc7+ Kf8 33. Qe7+ Qxe7 34. fxe7+ Ke8 35. exd8=Q+ Kxd8 36. Rxh7 1-0

[Event "*** SCC Grand Prix: Titled Tuesday Blitz"]
[Site "Chess.com"]
[Date "2020.07.14"]
[Round "6"]
[White "ChessBitl"]
[Black "ARMQUEEN"]
[Result "0-1"]
[WhiteElo "2302"]
[BlackElo "2445"]
[TimeControl "180+1"]
[EndTime "11:05:44 PDT"]
[Termination "ARMQUEEN won by resignation"]

1. e4 c5 2. Nf3 Nc6 3. d4 cxd4 4.
Nxd4 g6 5. c4 Nf6 6. Nc3 Nxd4 7.
Qxd4 d6 8. Bg5 Bg7 9. Be2 O-O 10.
Qd2 Qa5 11. O-O Be6 12. Rac1 Rfc8 13. b3 Qd8 14. f4 h6 15. Bh4 Qd7 16. Qe3 Ng4 17.
Bxg4 Bxg4 18. Nd5 Re8 19. h3 Be6 20. f5 gxf5 21. exf5 Bxd5 22. cxd5 Qb5 23. Rcd1 Rac8 24.
Rfe1 Rc3 25. Qxa7 Rd3 26. Qf2 Bd4 27. Rxd3 Bxf2+ 28. Bxf2 Qxd3 29. f6 Qxd5 30. fxe7 f6 31. Bb6 Kf7 32. Bd8 Rg8 33. Re2 Qd1+ 34. Kf2 Rxg2+ 35.
Kxg2 Qxe2+ 36. Kg3 Qxa2 0-1

[Event "*** SCC Grand Prix: Titled Tuesday Blitz"]
[Site "Chess.com"]
[Date "2020.07.14"]
[Round "6"]
[White "pitopisback"]
[Black "random_mango"]
[Result "0-1"]
[WhiteElo "2105"]
[BlackElo "2354"]
[TimeControl "180+1"]
[EndTime "11:05:44 PDT"]
[Termination "random_mango won by resignation"]

1. d4 d5 2. c4 c6 3. Nf3 Nf6 4. Nc3 a6 5. c5 Nbd7 6. Bf4 Nh5 7. e3 g6 8. Bd3 Bg7 9. Qc2 O-O 10. Bg5 h6 11. Bh4 Qe8 12. e4 e5 13. dxe5 Nxc5 14.
O-O-O Nf4 15. Bf1 Bg4 16. Bg3 Nfe6 17. exd5 cxd5 18. Rxd5 b5 19. h3 Bf5 20. Qd2 b4 21. Ne2 Rc8 22. Kd1 Qa4+ 23. b3 Nxb3 24. axb3 Qxb3+ 25.
Ke1 Rc2 26. Qd1 Rfc8 27. Nfd4 Qxd5 28. Nxc2 Qxd1+ 29. Kxd1 Bxc2+ 30. Kd2 b3 31. Nc3 Bf8 0-1

[Event "*** SCC Grand Prix: Titled Tuesday Blitz"]
[Site "Chess.com"]
[Date "2020.07.14"]
[Round "6"]
[White "Slovak_fighter2000"]
[Black "PawnEatingZombie"]
[Result "1-0"]
[WhiteElo "2448"]
[BlackElo "2215"]
[TimeControl "180+1"]
[EndTime "11:05:45 PDT"]
[Termination "Slovak_fighter2000 won by resignation"]

1. Nf3 d5 2. g3 e6 3. Bg2 b5 4. O-O Nf6 5. d3 c5 6. Nbd2 Be7 7. e4 O-O 8. e5 Nfd7 9. Re1 Nc6 10. Nf1 Qc7 11.
Bf4 Bb7 12. h4 Rfc8 13. h5 h6 14. N1h2 Qd8 15. Ng4 Bf8 16. Qd2 a5 17. c3 b4 18.
Rab1 a4 19. c4 dxc4 20. dxc4 Nb6 21. Qc2 Nd4 22. Nxd4 Bxg2 23. Nxe6 fxe6 24. Kxg2 Qd4 25.
Qg6 Kh8 26. Bxh6 gxh6 27. Nf6 1-0

[Event "*** SCC Grand Prix: Titled Tuesday Blitz"]
[Site "Chess.com"]
[Date "2020.07.14"]
[Round "6"]
[White "Speshka"]
[Black "BakaPG"]
[Result "0-1"]
[WhiteElo "2193"]
[BlackElo "2642"]
[TimeControl "180+1"]
[EndTime "11:05:47 PDT"]
[Termination "BakaPG won by resignation"]

1. e4 e6 2. Qe2 c5 3. Nf3 Nc6 4. g3 Nge7 5. Bg2 d5 6. d3 g6 7. O-O Bg7 8. e5 h6 9. Re1 b5 10. a4 b4 11. Be3 d4 12. Bc1 a5 13. Nbd2 Ba6 14. Ne4 Qb6 15. Nd6+ Kf8 16. Bf4 Rd8 17.
h4 Nd5 18. Nd2 Nxf4 19. gxf4 Ne7 20. N2c4 Bxc4 21. Nxc4 Qc7 22. h5 Rg8 23. hxg6 Nxg6 24. Qe4 Nh4 25. Kh2 Nxg2 26. Qxg2 Bxe5 27. Qh3 Bxf4+ 28.
Kh1 Rd5 29. Rg1 Rdg5 30. Qxh6+ Ke7 31. Rxg5 Qc6+ 32. Kg1 Rxg5+ 0-1

[Event "*** SCC Grand Prix: Titled Tuesday Blitz"]
[Site "Chess.com"]
[Date "2020.07.14"]
[Round "6"]
[White "keepitcool9499"]
[Black "Mikhal867"]
[Result "1-0"]
[WhiteElo "2562"]
[BlackElo "2394"]
[TimeControl "180+1"]
[EndTime "11:05:47 PDT"]
[Termination "keepitcool9499 won by resignation"]

1. d4 g6 2. c4 Bg7 3. Nc3 c5 4.
e3 Nf6 5. Nf3 O-O 6. d5 e6 7. e4 exd5 8. cxd5 Re8 9. Bd3 c4 10.
Bc2 b5 11. a3 d6 12. O-O a6 13. h3 Nbd7 14. Bg5 h6 15. Be3 Qc7 16. Qd2 Kh7 17. Rfe1 Nc5 18. Bd4 Bd7 19. e5 dxe5 20. Bxe5 Qb6 21.
Rad1 b4 22. axb4 Qxb4 23. Qd4 Nh5 24. Bxg7 Nxg7 25. Ne4 Nxe4 26. Bxe4 Rab8 27. Ne5 Bf5 28. Nc6 Qxb2 29. Nxb8 Rxb8 30. Qxb2 Rxb2 31. Bxf5 Nxf5 32. d6 Rb8 33. d7 Rd8 34. Re8 1-0

[Event "*** SCC Grand Prix: Titled Tuesday Blitz"]
[Site "Chess.com"]
[Date "2020.07.14"]
[Round "6"]
[White "fighter2jz"]
[Black "doons21"]
[Result "1-0"]
[WhiteElo "2820"]
[BlackElo "2647"]
[TimeControl "180+1"]
[EndTime "11:05:48 PDT"]
[Termination "fighter2jz won by resignation"]

1. e4 e6 2. d4 d5 3. Nc3 Bb4 4. e5 Ne7 5. a3 Bxc3+ 6. bxc3 c5 7.
Nf3 b6 8. Bb5+ Bd7 9. Bd3 Ba4 10. O-O c4 11. Be2 Nbc6 12. g3 h6 13. Nh4 Kd7 14. f4 Qg8 15. f5 Qh7 16. Bg4 g5 17. fxe6+ fxe6 18. Bxe6+ Kc7 19. Rf7 Qxc2 20. Qxc2 Bxc2 21.
Nf5 Bxf5 22. Bxf5 Raf8 23. Rxf8 Rxf8 24. Bg4 Na5 25. Be3 Nb3 26. Rf1 Rxf1+ 27. Kxf1 Na1 28. h4 gxh4 29. gxh4 Nc2 30. Bc1 Ng8 31. Ke2 Kd8 32. Be6 Ne7 33. Kd1 Na1 34. Bxh6 Ke8 35. Bg7 1-0